 Dungeon Crawl Stone Soup version 0.28.0-45-g0d030f2227 (webtiles) character file.

Game seed: 6459391575005213676

113542 XSreality the Geomancer (level 16, -1/101 HPs)
             Began as a Gargoyle Earth Elementalist on Apr 10, 2022.
             Was the Champion of Vehumet.
             Slain by a +0 glaive of flaming (24 damage)
             ... on level 2 of the Elven Halls on Apr 12, 2022.
             The game lasted 02:59:30 (32649 turns).

XSreality the Geomancer (GrEE)                     Turns: 32649, Time: 02:59:32

Health: -1/101     AC: 26    Str: 13    XL:     16   Next: 63%
Magic:  0/44       EV: 14    Int: 23    God:    Vehumet [******]
Gold:   1596       SH:  0    Dex: 10    Spells: 3/36 levels left

rFire   . . .      SeeInvis +   Q - staff of earth
rCold   . . .      Faith    .   (no shield)
rNeg    + . .      Spirit   +   u - +4 moon troll leather armour {Spirit, Regen++ MP+5}
rPois   ∞          Reflect  .   F - +2 hat
rElec   +          Harm     .   D - +0 cloak
rCorr   .          Rampage  .   l - +1 pair of gloves
Will    +....                   (no boots)
Stlth   ++........              j - amulet of magic regeneration
HPRegen 1.86/turn               I - ring of magical power
MPRegen 0.69/turn               A - ring of see invisible

@: flying, studying Short Blades
A: sickness immunity, AC +12, big wings, negative energy resistance 1,
electricity resistance, torment resistance 1, petrification resistance
a: Renounce Religion


You were on level 2 of the Elven Halls.
You worshipped Vehumet.
Vehumet was exalted by your worship.
You visited 4 branches of the dungeon, and saw 21 of its levels.
You also visited: Gauntlet, Ice Cave and Volcano.

You collected 2464 gold pieces.
You spent 868 gold pieces at shops.

Inventory:

Missiles
 c - 326 stones
Armour
 l - a +1 pair of gloves (worn)
 u - the +4 moon troll leather armour (worn) {Spirit, Regen++ MP+5}
   (You took it off a minotaur in a Gauntlet)

   MP:        It affects your magic capacity (+5).
   Regen:     It increases your rate of health regeneration.
 w - a +1 kite shield of fire resistance
 D - a +0 cloak (worn)
 F - a +2 hat (worn)
Magical Staves
 Q - a staff of earth (weapon)
Jewellery
 a - an amulet of regeneration
 j - an amulet of magic regeneration (around neck)
 A - a ring of see invisible (right hand)
 I - a ring of magical power (left hand)
 L - a +4 ring of evasion
 T - a +6 ring of dexterity
Wands
 m - a wand of iceblast (35)
 v - a wand of charming (9)
 z - a wand of polymorph (3)
 C - a wand of flame (16)
 E - a wand of digging (4)
 P - a wand of acid (14)
 S - a wand of paralysis (6)
Scrolls
 d - 3 scrolls of magic mapping
 f - 3 scrolls of immolation
 i - a scroll of torment {unknown}
 k - 9 scrolls of enchant armour
 n - 3 scrolls of blinking
 o - a scroll of holy word {unknown}
 p - 4 scrolls of fog
 r - 9 scrolls of identify
 t - a scroll of enchant weapon {unknown}
 x - 4 scrolls of fear
 y - a scroll of summoning {unknown}
 K - 4 scrolls of teleportation
 M - a scroll of amnesia
 R - a scroll of acquirement {unknown}
 U - a scroll of brand weapon {unknown}
Potions
 b - 3 potions of invisibility
 e - 3 potions of magic
 g - 3 potions of resistance
 h - 10 potions of curing
 s - 3 potions of brilliance
 B - 2 potions of might {unknown}
 G - 4 potions of cancellation
 N - 6 potions of heal wounds
 O - a potion of haste
Miscellaneous
 q - a box of beasts
 H - a phantom mirror
 J - a phial of floods


   Skills:
 + Level 12.0 Fighting
 - Level 5.1(5.8) Polearms
 + Level 4.5(5.9) Staves
 - Level 6.0 Armour
 + Level 9.4 Dodging
 - Level 2.2 Stealth
 + Level 10.8 Spellcasting
 + Level 12.3 Conjurations
 - Level 0.7 Transmutations
 + Level 8.4 Air Magic
 + Level 14.2 Earth Magic
 + Level 8.6 Evocations


You had 3 spell levels left.
You knew the following spells:

 Your Spells              Type           Power      Damage    Failure   Level
a - Sandblast             Erth           100%       2d20      0%          1
b - Stone Arrow           Conj/Erth      100%       3d13      1%          3
c - Iron Shot             Conj/Erth      42%        9d8       1%          6
d - Airstrike             Air            25%        N/A       1%          4
e - Static Discharge      Conj/Air       57%        N/A       1%          2
f - Passwall              Tmut/Erth      52%        N/A       1%          2
g - Iskenderun's Battles  Conj           62%        2d11      1%          5
h - Sticky Flame          Conj/Fire      40%        2d6       1%          4
i - Magic Dart            Conj           100%       1d8       1%          1
j - Lee's Rapid Deconstr  Erth           43%        3d22*     1%          5

Your spell library contained the following spells:

 Spells                   Type           Power      Damage    Failure   Level
 Ozocubu's Refrigeration  Ice            6%         4d6       100%        7
 Shock                    Conj/Air       100%       1d9       1%          1
 Corpse Rot               Necr/Air       62%        N/A       1%          2
 Poisonous Vapours        Pois/Air       62%        N/A       1%          2
 Swiftness                Air            50%        N/A       1%          3
 Scorch                   Fire           24%        2d6       2%          2
 Ignite Poison            Fire/Tmut/Pois 13%        N/A       4%          3
 Sting                    Tmut/Pois      56%        1d5       5%          1
 Apportation              Tloc           24%        N/A       6%          1
 Pain                     Necr           48%        1d6       6%          1
 Ensorcelled Hibernation  Hex/Ice        24%        N/A       10%         2
 Spider Form              Tmut/Pois      14%        N/A       17%         3
 Portal Projectile        Hex/Tloc       24%        N/A       19%         3
 Lightning Bolt           Conj/Air       28%        1d45      1%          5
 Animate Armour           Summ/Erth      100%       N/A       3%          4
 Petrify                  Tmut/Erth      63%        N/A       3%          4
 Irradiate                Conj/Tmut      21%        3d20      3%          5
 Fireball                 Conj/Fire      20%        3d10      4%          5
 Conjure Ball Lightning   Conj/Air       28%        3x3d8     4%          6
 Summon Lightning Spire   Summ/Air       31%        N/A       11%         4
 Olgreb's Toxic Radiance  Pois           12%        N/A       17%         4
 Starburst                Conj/Fire      20%        6d7       21%         6
 Lehudib's Crystal Spear  Conj/Erth      42%        10d10     41%         8
 Anguish                  Hex/Necr       6%         N/A       54%         4
 Dispel Undead            Necr           12%        3d9       54%         4
 Blade Hands              Tmut           7%         N/A       78%         5
 Alistair's Intoxication  Tmut/Pois      9%         N/A       83%         5
 Agony                    Necr           12%        N/A       87%         5
 Excruciating Wounds      Necr           6%         N/A       87%         5
 Dragon Form              Tmut           7%         N/A       100%        7
 Discord                  Hex            6%         N/A       100%        8
 Disjunction              Tloc           6%         N/A       100%        8
 Ignition                 Fire           6%         3d4       100%        8


Dungeon Overview and Level Annotations

Branches:
Dungeon (11/15)            Temple (0/1) D:5            Lair (6/6) D:10
 Shoals (0/4) Lair:3       Spider (0/4) Lair:2        Slime (0/5) Lair:5
    Orc (2/2) D:10            Elf (2/3) Orc:2         IceCv (visited)
Volcano (visited)         Gauntlet (visited)

Altars:
Cheibriados
Hepliaklqana
Makhleb
Qazlal
Ru
Sif Muna
Trog
Uskayaw
Vehumet
Wu Jian
Yredelemnul
Beogh

Shops:
D:1 [   D:11 !   Orc:1 [   Orc:2 !*:(   Elf:1 :   Elf:2 :

Portals:
Pandemonium: Orc:2

Annotations:
D:11 3 runed translucent doors, Garym's ghost, journeyman MiBe
Orc:2 2 transporters, ioannis32's ghost, journeyman DsBe


Innate Abilities, Weirdness & Mutations

You are immune to sickness and miasma.
Your stone body is resilient. (AC +12)
You are immune to poison.
Your large and strong wings let you fly.
You resist negative energy. (rN+)
You are resistant to electric shocks. (rElec)
You are resistant to unholy torment.
You are immune to petrification.


Message History

The deep elf knight gestures wildly while chanting.
The deep elf knight seems to speed up.
The deep elf blademaster hits you with a +0 rapier.
The deep elf blademaster hits you but does no damage.
The +0 antimagic halberd hits you but does no damage.
The +0 glaive of flaming hits you from afar!!
The +0 glaive of flaming burns you.
The deep elf blademaster hits you with a +0 rapier!
The deep elf blademaster hits you but does no damage.
The deep elf knight casts a spell.
The deep elf knight flickers and vanishes for a moment.
The +0 antimagic halberd hits you but does no damage.
The deep elf blademaster closely misses you.
The deep elf blademaster hits you with a +0 rapier.
You see here a +0 falchion.
The deep elf knight points at you and mumbles some strange words.
The shard of ice misses you.
The deep elf blademaster completely misses you. x2
The +0 antimagic halberd hits you from afar.
You feel your power leaking away.
Casting: Iron Shot (dangerous; 1% risk of failure)
Confirm with . or Enter, or press ? or * to list all spells.
Aiming: Iron Shot (dangerous; 1% risk of failure)
Press: ? - help, Shift-Dir - straight line, f - deep elf blademaster
Aim: a deep elf blademaster, wielding two +0 rapiers and wearing a +0 leather armour (35% to hit)
You feel a surge of power!
The iron shot misses the deep elf blademaster.
The iron shot hits the +0 antimagic halberd!!!
The +0 antimagic halberd falls from the air.
Vehumet accepts your kill.
The deep elf blademaster hits you with a +0 rapier!
The deep elf blademaster hits you but does no damage.
The +0 glaive of flaming hits you from afar!!
* * * LOW HITPOINT WARNING * * *
The +0 glaive of flaming burns you!
* * * LOW HITPOINT WARNING * * *
The deep elf blademaster hits you with a +0 rapier.
The deep elf blademaster barely misses you.
The +0 glaive of flaming hits you from afar!!
You die...

#.# #.# ###### # #.# ###....####
## #.# ##....#....# .## #.#
##....###...# #'###'##
#......#...## ##....)##
####...#......#.
#.......##########(....###.....##
................@ee)..## ##..#...
........)#########.....###...e.##
.........# ####...#......#(
.........# #......#...##
.........# ##....###...#
#.....<.## ##....#....# '#.....##
###....#### ####)### ###### # #.#


You could see a deep elf blademaster, a deep elf knight (fast, invisible) and a
+0 glaive of flaming.

Vanquished Creatures
  An orc warlord (Orc:1)
  A reaper (IceCv)
  A minotaur (Gauntlet)
  A deep elf demonologist (Elf:1)
  3 deep elf annihilators
  A fire dragon (Lair:6)
  9 hydras
  4 boulder beetles
  4 catoblepae
  2 demonspawn (Orc:2)
  4 dancing weapons
  18 death yaks
  3 two-headed ogres
  The ghost of manifold the Destroyer, a novice GnCj of Okawaru (D:9)
  7 orc high priests (Orc:2)
  8 deep elf knights
  A fire crab (Lair:6)
  3 deep elf archers
  A swamp dragon (Lair:6)
  10 deep elf pyromancers
  9 deep elf zephyrmancers
  A wizard (D:9)
  Pikel (D:4)
  5 orc knights (Orc:2)
  12 orc sorcerers
  3 manticores
  5 elephants
  2 rust devils (Orc:2)
  An ice statue (IceCv)
  8 black mambas
  An apocalypse crab (Gauntlet)
  2 guardian serpents (D:11)
  Joseph (D:8)
  2 torpor snails
  10 cane toads
  3 gargoyles
  2 molten gargoyles
  3 demonic crawlers (Elf:1)
  9 komodo dragons
  An efreet (D:11)
  7 rime drakes
  3 anaconda simulacra (IceCv)
  A hellwing (Orc:2)
  2 entropy weaver simulacra (IceCv)
  2 kobold demonologists
  13 polar bears
  2 hornets
  4 trolls
  Prince Ribbit (D:6)
  5 blink frogs
  A wind drake (Lair:3)
  3 raiju (Lair:6)
  5 dream sheep (Lair:6)
  3 water elementals
  3 spriggans (D:9)
  Sigmund (D:6)
  52 yaks
  8 wyverns
  A dire elephant simulacrum (IceCv)
  3 fire elementals
  A steam dragon (Lair:6)
  4 basilisks
  4 death yak simulacra (IceCv)
  2 harpy simulacra (IceCv)
  4 vampire mosquitoes
  8 wargs
  17 water moccasins
  3 acid dragons (Lair:6)
  A swamp drake (Lair:6)
  16 hell hounds
  15 black bears
  32 orc warriors
  3 necrophages
  2 centaurs
  22 wolves
  4 ogres
  4 lemures
  2 phantoms
  4 kobold brigands
  Blork the orc (D:4)
  10 bullfrogs
  A water moccasin zombie (D:6)
  An earth elemental (Elf:1)
  6 two-headed ogre simulacra (IceCv)
  A wyvern zombie (D:9)
  2 scorpions
  A wyvern skeleton (D:6)
  A water moccasin skeleton (D:6)
  17 killer bees
  9 howler monkeys
  3 centaur zombies
  A centaur skeleton (D:5)
  5 jellies
  A hound (D:6)
  Crazy Yiuf (D:6)
  2 gnoll shamans
  17 orc priests
  A bullfrog skeleton (D:6)
  6 iguanas
  A scorpion zombie (D:5)
  10 orc wizards
  5 spriggan simulacra (IceCv)
  6 troll simulacra (IceCv)
  A howler monkey zombie (D:9)
  8 gnolls (D:6)
  5 naga simulacra (IceCv)
  7 adders
  7 white imps (IceCv)
  9 ufetubi (IceCv)
  2 adder skeletons
  3 worms
  5 dart slugs
  54 orcs
  8 endoplasms
  9 giant cockroaches
  10 goblins
  8 hobgoblins
  5 jackals
  2 quokkas
  6 ball pythons
  12 bats
  3 frilled lizards
  25 kobolds
  3 rats
733 creatures vanquished.

Vanquished Creatures (others)
  A deep elf pyromancer (Elf:1)
  A yak (Lair:6)
  An iguana (Lair:6)
  33 fungi
  63 plants
99 creatures vanquished.

Grand Total: 832 creatures vanquished

Notes
Turn   | Place    | Note
-------+----------+-------------------------------------------
     0 | D:1      | XSreality the Gargoyle Earth Elementalist began the quest
                  | for the Orb.
     0 | D:1      | Reached XP level 1. HP: 10/10 MP: 3/3
   144 | D:1      | Reached skill level 4 in Earth Magic
   228 | D:1      | Reached XP level 2. HP: 13/15 MP: 5/5
   500 | D:1      | Found Seativ's Armour Emporium.
   681 | D:1      | Reached XP level 3. HP: 6/19 MP: 3/6
  1282 | D:2      | Learned a level 3 spell: Stone Arrow
  1545 | D:2      | Found a faded altar of an unknown god.
  1924 | D:2      | Reached skill level 1 in Conjurations
  1924 | D:2      | Reached XP level 4. HP: 12/24 MP: 6/8
  2882 | D:3      | Found a radiant altar of Vehumet.
  2903 | D:3      | Became a worshipper of Vehumet
  2925 | D:3      | Reached skill level 5 in Earth Magic
  2997 | D:3      | Noticed a necrophage
  3012 | D:3      | Killed a necrophage
  3013 | D:3      | Reached XP level 5. HP: 22/28 MP: 4/10
  3641 | D:4      | Noticed a necrophage
  3664 | D:4      | Killed a necrophage
  3665 | D:4      | Reached XP level 6. HP: 26/32 MP: 0/11
  3783 | D:4      | Reached skill level 6 in Earth Magic
  3845 | D:4      | Noticed Pikel
  4248 | D:4      | Noticed Blork the orc
  4254 | D:4      | Killed Blork the orc
  4255 | D:4      | Reached XP level 7. HP: 21/36 MP: 3/13
  4668 | D:4      | Killed Pikel
  4669 | D:4      | Reached skill level 1 in Fighting
  4669 | D:4      | Reached skill level 1 in Armour
  4669 | D:4      | Reached skill level 1 in Evocations
  4669 | D:4      | Reached XP level 8. HP: 35/44 MP: 2/14
  5050 | D:5      | Entered Level 5 of the Dungeon
  5050 | D:5      | Found a stormy altar of Qazlal.
  5050 | D:5      | Found an ornate altar of the Wu Jian Council.
  5455 | D:5      | Noticed a hornet
  5461 | D:5      | Killed a hornet
  5462 | D:5      | Reached skill level 7 in Earth Magic
  5563 | D:5      | Reached * piety under Vehumet
  5563 | D:5      | Offered knowledge of Magic Dart by Vehumet.
  5625 | D:5      | Found a staircase to the Ecumenical Temple.
  5727 | D:5      | Learned a level 1 spell: Magic Dart
  5861 | D:6      | Noticed Sigmund
  6241 | D:6      | Reached skill level 5 in Spellcasting
  6245 | D:6      | Reached skill level 5 in Conjurations
  6570 | D:6      | Found a runed translucent door.
  6571 | D:6      | Noticed Crazy Yiuf
  6697 | D:6      | Reached XP level 9. HP: 51/51 MP: 9/16
  6806 | D:6      | Killed Sigmund
  7027 | D:6      | Noticed a manticore
  7625 | D:6      | Killed a manticore
  7776 | D:6      | Killed Crazy Yiuf
  7854 | D:6      | Learned a level 2 spell: Passwall
  7920 | D:7      | Reached skill level 8 in Earth Magic
  8315 | D:7      | Noticed Prince Ribbit
  8331 | D:6      | Killed Prince Ribbit
  8331 | D:6      | Reached ** piety under Vehumet
  8436 | D:7      | Offered knowledge of Static Discharge by Vehumet.
  8532 | D:6      | Learned a level 2 spell: Static Discharge
  8947 | D:8      | Reached XP level 10. HP: 58/58 MP: 14/18
  9335 | D:8      | Reached skill level 1 in Air Magic
  9544 | D:8      | Reached skill level 5 in Fighting
  9738 | D:8      | Noticed Joseph
  9745 | D:8      | Killed Joseph
  9746 | D:8      | Reached skill level 5 in Armour
  9986 | D:8      | Found a basalt altar of Yredelemnul.
  9986 | D:8      | Found a hazy altar of Hepliaklqana.
  9991 | D:8      | Found a sacrificial altar of Ru.
  9994 | D:8      | Found a hide-covered altar of Uskayaw.
  9996 | D:8      | Found a snail-covered altar of Cheibriados.
 10003 | D:8      | Found a burning altar of Makhleb.
 10273 | D:8      | You are sucked into a shaft and drop 2 floors!
 10273 | D:10     | Entered Level 10 of the Dungeon
 10273 | D:10     | Found a staircase to the Orcish Mines.
 10495 | D:9      | Offered knowledge of Poisonous Vapours by Vehumet.
 10938 | D:9      | Reached skill level 9 in Earth Magic
 11046 | D:9      | Reached *** piety under Vehumet
 11346 | D:9      | Noticed a wizard
 11376 | D:9      | Noticed a two-headed ogre
 11394 | D:8      | Killed a two-headed ogre
 11395 | D:8      | Reached skill level 5 in Evocations
 11395 | D:8      | Reached XP level 11. HP: 31/64 MP: 15/21
 11463 | D:9      | Identified the +8 spear of Teybiy {spect, +Blink rPois rC+
                  | Dex+4}
 11542 | D:9      | Reached skill level 5 in Dodging
 11792 | D:9      | Noticed a two-headed ogre
 11819 | D:9      | Killed a two-headed ogre
 11930 | D:9      | Offered knowledge of Inner Flame by Vehumet.
 11936 | D:9      | Learned a level 4 spell: Airstrike
 12040 | D:9      | Killed a wizard
 12042 | D:9      | Noticed a fire dragon
 12094 | D:9      | Found a runed translucent door.
 12098 | D:9      | Identified the +9 trident of Odofiush {vorpal, rElec rN+++
                  | Will- SInv}
 12098 | D:9      | Noticed manifold's ghost (novice GnCj)
 12686 | D:9      | Killed manifold's ghost
 12966 | D:9      | Reached skill level 10 in Earth Magic
 13568 | D:10     | Noticed a two-headed ogre
 13663 | D:10     | Killed a two-headed ogre
 14174 | D:10     | Reached XP level 12. HP: 54/72 MP: 7/23
 14407 | D:10     | Found a staircase to the Lair.
 14824 | Lair:1   | Entered Level 1 of the Lair of Beasts
 15021 | Lair:1   | Noticed a four-headed hydra
 15034 | Lair:1   | Killed a four-headed hydra
 15141 | Lair:1   | Reached **** piety under Vehumet
 15216 | Lair:1   | Offered knowledge of Iskenderun's Battlesphere by Vehumet.
 15445 | Lair:1   | Learned a level 5 spell: Iskenderun's Battlesphere
 16281 | Lair:2   | Reached skill level 11 in Earth Magic
 16283 | Lair:2   | Reached skill level 5 in Air Magic
 16858 | Lair:2   | Found a hole to the Spider Nest.
 17264 | Lair:2   | Noticed an eight-headed hydra
 17298 | Lair:2   | Killed an eight-headed hydra
 17727 | Lair:3   | Learned a level 4 spell: Sticky Flame
 18056 | Lair:3   | Reached XP level 13. HP: 79/79 MP: 25/25
 18238 | Lair:3   | Found a staircase to the Shoals.
 18241 | Lair:3   | Reached skill level 1 in Polearms
 18329 | Lair:3   | Reached ***** piety under Vehumet
 18445 | Lair:3   | Offered knowledge of Iron Shot by Vehumet.
 18453 | Lair:3   | Learned a level 6 spell: Iron Shot
 20379 | Lair:5   | Found a staircase to the Slime Pits.
 20444 | Lair:5   | Found a gate leading to a gauntlet.
 20455 | Gauntlet | Entered a Gauntlet
 20455 | Gauntlet | Found a transporter.
 20466 | Gauntlet | Noticed a reaper
 20467 | Gauntlet | Found a runed translucent gate.
 20468 | Gauntlet | Found a transporter.
 20468 | Gauntlet | Found a runed translucent gate.
 20469 | Gauntlet | Found a transporter.
 20473 | Gauntlet | Found a transporter.
 20474 | Gauntlet | Found a transporter.
 20476 | Gauntlet | Found a transporter.
 20482 | Gauntlet | Found a transporter.
 20485 | Gauntlet | Found a transporter.
 20504 | Gauntlet | Found a transporter.
 20512 | Gauntlet | Found a transporter.
 20512 | Gauntlet | Found a transporter.
 20520 | Gauntlet | Found a transporter.
 20522 | Gauntlet | Noticed a cacodemon
 20612 | Gauntlet | Found a runed translucent gate.
 21564 | Gauntlet | Identified the ring of Betaq {Drain rF+ rCorr Str+7}
 21638 | Gauntlet | Noticed a minotaur
 21646 | Gauntlet | Killed a minotaur
 21812 | Gauntlet | Identified the +1 robe "Luskobil" {Will+ Dex+7}
 22096 | Lair:5   | Reached skill level 10 in Conjurations
 22174 | Lair:5   | Reached skill level 12 in Earth Magic
 22540 | Lair:5   | Gained mutation: Your large and strong wings let you fly.
                  | [Gargoyle growth]
 22540 | Lair:5   | Reached XP level 14. HP: 66/87 MP: 10/27
 23185 | Lair:6   | Entered Level 6 of the Lair of Beasts
 23646 | Lair:6   | Reached skill level 10 in Fighting
 23997 | Lair:5   | Offered knowledge of Flame Wave by Vehumet.
 25100 | Lair:6   | Reached XP level 15. HP: 93/93 MP: 24/28
 25568 | Lair:6   | Reached skill level 13 in Earth Magic
 25615 | Lair:6   | Reached skill level 5 in Polearms
 25695 | Lair:6   | Identified the +2 leather armour of Vlad {rElec rPois}
 25920 | Lair:6   | Offered knowledge of Spellforged Servitor by Vehumet.
 26493 | D:11     | Found Higauhaf's Distillery.
 26522 | D:11     | Reached skill level 10 in Spellcasting
 26745 | D:11     | Found a runed translucent gate.
 26745 | D:11     | Found a runed translucent gate.
 26745 | D:11     | Found a runed translucent gate.
 26746 | D:11     | Noticed Garym's ghost (journeyman MiBe)
 27236 | Orc:1    | Entered Level 1 of the Orcish Mines
 27357 | Orc:1    | Noticed an orc warlord
 27381 | Orc:1    | Killed an orc warlord
 27456 | Orc:1    | Reached skill level 1 in Staves
 27509 | Orc:1    | Found a frozen archway.
 27556 | Orc:1    | Found Ydurghang's Armour Shop.
 27728 | Orc:1    | Found a dark tunnel.
 27740 | Volcano  | Entered a volcano
 27986 | IceCv    | Entered an ice cave
 28309 | IceCv    | Offered knowledge of Freezing Cloud by Vehumet.
 28855 | Orc:2    | Entered Level 2 of the Orcish Mines
 29145 | Orc:2    | Found Ytetammu's Distillery.
 29180 | Orc:2    | Found Vebrasec's General Store.
 29643 | Orc:2    | Found a transporter.
 29648 | Orc:2    | Found a transporter.
 29650 | Orc:2    | Noticed ioannis32's ghost (journeyman DsBe)
 29650 | Orc:2    | Noticed an orc warlord
 29652 | Orc:2    | Found a bloodstained altar of Trog.
 29795 | Orc:2    | Found a staircase to the Elven Halls.
 30507 | Orc:2    | Reached XP level 16. HP: 100/100 MP: 2/30
 30522 | Orc:2    | Reached ****** piety under Vehumet
 30599 | Orc:2    | Found Dullayfa's Antique Weapon Emporium.
 30599 | Orc:2    | Found Nuixa's Book Shoppe.
 30600 | Orc:2    | Found a one-way gate leading to the halls of Pandemonium.
 30604 | Orc:2    | Bought a book of Armaments for 504 gold pieces
 30716 | Orc:2    | Bought the Tome of Earthen Flames for 364 gold pieces
 30755 | Orc:2    | Learned a level 5 spell: Lee's Rapid Deconstruction
 30848 | Elf:1    | Entered Level 1 of the Elven Halls
 31162 | Elf:1    | Found a shimmering blue altar of Sif Muna.
 31324 | Elf:1    | Offered knowledge of Ozocubu's Refrigeration by Vehumet.
 31505 | Elf:1    | Found Ekewar's Book Boutique.
 31586 | Elf:1    | Reached skill level 14 in Earth Magic
 32208 | Elf:2    | Found Hechiagg's Book Boutique.
 32325 | Elf:2    | Found a huge runed translucent gate.
 32325 | Elf:2    | Found a huge runed translucent gate.
 32325 | Elf:2    | Found a huge runed translucent gate.
 32326 | Elf:2    | Found a huge runed translucent gate.
 32327 | Elf:2    | Found a huge runed translucent gate.
 32626 | Elf:2    | Noticed a deep elf blademaster
 32649 | Elf:2    | Slain by a +0 glaive of flaming

Illustrated notes

Levels and vault maps discovered:
D:1:      matt_arrival_spirals, layout_basic, serial_shops, shop, minivault_4,
          chequers_avenue, hangedman_abyss_or_decor_lesser_grid, st_stairs_1
D:2:      layout_loops_ring, hellmonk_ecumenical_altar_pennies_from_heaven,
          kennysheep_generic_room_16
D:3:      layout_rooms, nicolae_vehumet_altar_sigil, minmay_hedge_maze,
          minmay_misc_feat_plants, minmay_misc_feat_hallway, minivault_4
D:4:      layout_gridville, uniq_pikel, uniq_blork_the_orc
D:5:      lemuel_ice_spiral_2, layout_basic, grunt_temple_overflow_open,
          minmay_temple_entry_trees
D:6:      minmay_evil_eye, layout_rooms, due_unseen_surprise,
          uniq_crazy_yiuf_cottage, uniq_sigmund
D:7:      layout_loops_ring, uniq_prince_ribbit1
D:8:      layout_cave_pods, nicolae_overflow_hallway_of_the_gods, uniq_joseph
D:9:      cheibrodos_fzero, layout_irregular_city, ebering_ghost_funeral_grove,
          enter_bailey_2
D:10:     layout_basic, david_lair_generic, david_orc_2
D:11:     nrook_guardian_serpent_snake_passage, layout_irregular_city,
          biasface_ghost_orc_armoury, serial_shops, kennysheep_mini
Lair:1:   layout_long_grid, grunt_megastairs_2, serial_bayou_shore_b
Lair:2:   layout_long_grid, nicolae_spider_entry_non_spiders
Lair:3:   layout_cave_pods, minmay_shoals_entry_beasts,
          grunt_forest_large_clearing_hut
Lair:4:   layout_layer_cave, st_stairs_9
Lair:5:   layout_loops_ring, nicolae_slime_entry_slimehenge,
          gauntlet_entry_generic, st_stairs_7, hibernation_bobbens
Lair:6:   hangedman_lair_caniforms_friends, layout_cave_pods,
          guppyfry_lair_end_dragon, wad_woods_road_03
Orc:1:    layout_caves, serial_shops, shop, portal_ice_cave_entry_pillars_2,
          enter_volcano_3
Orc:2:    pf_orc_diabolical, layout_diamond_mine,
          gammafunk_ghost_wrathful_warriors, nicolae_orc_stony_grotto,
          roderic_batcave
Elf:1:    elf_arrival_002, layout_loops_ring, basic_altar, serial_shops, shop,
          hangedman_elf_represent, einodemon_crawler_minivault
Elf:2:    elven_hall_of_blades_hangedman_alternative
          [nicolae_blade_entry_sentries_behind_glass], layout_geoelf_octagon,
          serial_shops, shop

Skill      XL: |  1  2  3  4  5  6  7  8  9 10 11 12 13 14 15 16 |
---------------+-------------------------------------------------+-----
Earth Magic    | 4 5 6 7 8 9 10 11 12 13 14 | 14.2
Conjurations   | 1 2 3 4 5 6 7 8 9 10 11 12 | 12.3
Spellcasting   | 3 4 5 6 7 8 9 10 | 10.8
Fighting       | 1 3 4 6 7 8 9 10 11 12 | 12.0
Armour         | 1 3 4 5 6 |  6.0
Dodging        | 2 3 4 5 6 7 8 9 |  9.4
Evocations     | 1 2 3 5 6 7 8 |  8.6
Air Magic      | 2 4 5 6 7 8 |  8.4
Polearms       | 3 4 5 |  5.1
Staves         | 3 4 |  4.5
Stealth        | |  2.2
Transmutations | |  0.7

Action                   |  1- 3 |  4- 6 |  7- 9 | 10-12 | 13-15 | 16-18 || total
-------------------------+-------+-------+-------+-------+-------+-------++-------
Melee: Unarmed           |     7 |       |       |       |       |       ||     7
       Punch             |     1 |     1 |       |       |       |       ||     2
       Dagger            |    96 |   109 |       |       |       |       ||   205
       Halberd           |       |       |    19 |    67 |       |       ||    86
       Spear             |       |       |       |       |     8 |       ||     8
       Staff             |       |       |       |       |    20 |       ||    20
 Cast: Sandblast         |    27 |    45 |    42 |    93 |    31 |       ||   238
       Stone Arrow       |       |     2 |    94 |   295 |   649 |    53 ||  1093
       Magic Dart        |       |       |     4 |       |       |       ||     4
       Passwall          |       |       |     2 |     1 |     2 |       ||     5
       Static Discharge  |       |       |       |    10 |       |       ||    10
       Airstrike         |       |       |       |     5 |     8 |       ||    13
       Iron Shot         |       |       |       |       |   204 |    60 ||   264
       Lee's Rapid Decon |       |       |       |       |       |    16 ||    16
  Use: Scroll            |       |     2 |     7 |     6 |     9 |       ||    24
       Potion            |       |       |       |     1 |       |       ||     1
 Stab: Sleeping          |     1 |     2 |       |       |       |       ||     3
Armor: Robe              |    42 |    49 |    26 |   152 |    13 |       ||   282
       Troll leather arm |       |       |       |       |   213 |    30 ||   243
Dodge: Dodged            |    81 |    81 |    57 |   273 |   319 |    47 ||   858
